 Dungeon Crawl Stone Soup version 0.26-a0-602-gd42a14c23b (webtiles) character file.

Game seed: 4329655052304927061

70966 Conn the Thaumaturge (level 15, -1/93 HPs)
             Began as an Octopode Hedge Wizard on Aug 30, 2020.
             Was a High Priest of Sif Muna.
             Slain by a catoblepas (14 damage)
             ... on level 1 of the Elven Halls.
             The game lasted 03:02:50 (29045 turns).

Conn the Thaumaturge (Octopode Hedge Wizard)       Turns: 29045, Time: 03:02:51

Health: -1/93      AC:  7    Str: 13    XL:     15   Next: 35%
Magic:  43/51      EV: 15    Int: 27    God:    Sif Muna [*****.]
Gold:   1776       SH:  8    Dex: 11    Spells: 5/42 levels left

rFire    + + .     SeeInvis .   a - +8 short sword (freeze)
rCold    + . .     Faith    .   H - +3 buckler
rNeg     . . .     Spirit   .   O - +2 hat
rPois    +         Reflect  .   r - amulet "Jiunee" {RegenMP rPois Str+2 Int+6}
rElec    .         Harm     .   E - ring of magical power
rCorr    +                      s - ring of protection from fire
MR       ++...                  y - ring of resist corrosion
Stlth    +++++++...             R - +4 ring of slaying
HPRegen  0.25/turn              P - +4 ring of protection
MPRegen  0.57/turn              Q - ring of protection from cold
                                t - ring of magical power
                                o - ring of the Equinox {rPois rF+ Str+3 Stlth+}

@: no status effects
A: almost no armour, stealthy swim, amphibious, 8 rings, constrict 8, camouflage
1, clumsy 1, magic resistance 1, weak 1, gelatinous body 1
a: Channel Magic, Forget Spell, Divine Exegesis, Renounce Religion


You were on level 1 of the Elven Halls.
You worshipped Sif Muna.
Sif Muna was extremely pleased with you.
You visited 5 branches of the dungeon, and saw 22 of its levels.
You also visited: Ossuary, Gauntlet and Ice Cave.

You collected 2990 gold pieces.
You spent 1214 gold pieces at shops.

Inventory:

Hand Weapons
 a - a +8 short sword of freezing (weapon)
Missiles
 p - 8 atropa-tipped darts
 G - 4 boomerangs of dispersal
 J - 32 silver javelins (quivered)
Armour
 H - a +3 buckler (worn)
 O - a +2 hat (worn)
Magical Staves
 b - an uncursed staff of conjuration
 B - an uncursed staff of cold
Jewellery
 o - the ring of the Equinox (on tentacle) {rPois rF+ Str+3 Stlth+}
   (You found it in an ice cave)

   [ring of poison resistance]

   It affects your strength (+3).
   It protects you from fire.
   It protects you from poison.
   It makes you more stealthy.
 q - the ring "Vicocs" {+Fly MR+ Stlth-}
   (You took it off a boggart in a Gauntlet)

   [ring of attention]

   It affects your resistance to hostile enchantments.
   It lets you fly.
   It makes you less stealthy.
 r - the amulet "Jiunee" (around mantle) {RegenMP rPois Str+2 Int+6}
   (You found it in a Gauntlet)

   [amulet of magic regeneration]

   It increases your magic regeneration.
   It affects your strength (+2).
   It affects your intelligence (+6).
   It protects you from poison.
 s - a ring of protection from fire (right tentacle)
 t - a ring of magical power (on tentacle)
 y - a ring of resist corrosion (on tentacle)
 E - a ring of magical power (left tentacle)
 L - the ring "Halar" {rC+ rN+}
   (You found it in an ice cave)

   [ring of positive energy]

   It protects you from cold.
   It protects you from negative energy.
 M - an uncursed amulet of regeneration
 P - a +4 ring of protection (on tentacle)
 Q - a ring of protection from cold (on tentacle)
 R - a +4 ring of slaying (on tentacle)
Wands
 d - a wand of digging (8)
 f - a wand of flame (53)
 I - a wand of disintegration (16)
 K - a wand of paralysis (6)
 N - a wand of random effects (38)
 T - a wand of acid (19)
Scrolls
 e - 4 scrolls of amnesia
 h - 4 scrolls of fog
 i - 9 scrolls of enchant armour
 k - 6 scrolls of teleportation
 l - 11 scrolls of remove curse
 w - 3 scrolls of fear
 z - 25 scrolls of identify
 F - a scroll of immolation
Potions
 g - 4 potions of heal wounds
 j - 3 potions of flight
 m - a potion of cancellation
 n - 3 potions of might
 v - 2 potions of lignification
 x - 3 potions of stabbing
 A - 4 potions of berserk rage
 D - 5 potions of curing
 V - 3 potions of haste
 W - a potion of magic
Miscellaneous
 C - a phantom mirror (inert)


   Skills:
 + Level 5.6 Fighting
 - Level 6.2 Short Blades
 + Level 1.2 Staves
 + Level 1.3 Throwing
 + Level 5.9 Dodging
 - Level 11.3 Stealth
 - Level 5.1 Shields
 * Level 14.2 Spellcasting
 + Level 11.0 Conjurations
 + Level 4.2 Summonings
 - Level 6.4 Translocations
 + Level 0.2 Transmutations
 * Level 6.0 Fire Magic
 - Level 5.1 Ice Magic
 + Level 5.2 Air Magic
 + Level 1.8 Earth Magic
 - Level 4.1 Poison Magic
 + Level 1.6 Evocations


You had 5 spell levels left.
You knew the following spells:

 Your Spells              Type           Power        Failure   Level
a - Magic Dart            Conj           ####         1%          1
b - Blink                 Tloc           N/A          1%          2
c - Call Imp              Summ           #####...     1%          2
d - Conjure Flame         Conj/Fire      ######..     1%          3
e - Mephitic Cloud        Conj/Pois/Air  ######..     1%          3
f - Stone Arrow           Conj/Erth      ######       1%          3
g - Summon Forest         Summ/Tloc      #####.....   9%          5
h - Freezing Cloud        Conj/Ice/Air   ######....   22%         6
i - Ignite Poison         Fire/Tmut/Pois #####...     1%          3
j - Fireball              Conj/Fire      ######....   2%          5
k - Airstrike             Air            #####.....   3%          4

Your spell library contained the following spells:

 Spells                   Type           Power        Failure   Level
 Apportation              Tloc           ######       1%          1
 Foxfire                  Conj/Fire      ####         1%          1
 Summon Small Mammal      Summ           ####         1%          1
 Corpse Rot               Necr/Air       N/A          1%          2
 Static Discharge         Conj/Air       ######..     1%          3
 Animate Skeleton         Necr           ###...       2%          1
 Beastly Appendage        Tmut           ###...       2%          1
 Corona                   Hex            ###....      2%          1
 Pain                     Necr           ###.         2%          1
 Lightning Bolt           Conj/Air       ######....   2%          5
 Wereblood                Tmut           ###.....     3%          2
 Spider Form              Tmut/Pois      ####......   3%          3
 Slow                     Hex            ###.....     4%          2
 Sublimation of Blood     Necr           ###.......   4%          2
 Vampiric Draining        Necr           ###.......   9%          3
 Ice Form                 Ice/Tmut       ####....     9%          4
 Metabolic Englaciation   Hex/Ice        ####......   26%         5
 Silence                  Hex/Air        ####......   26%         5
 Cause Fear               Hex            ###.......   28%         4
 Dispel Undead            Necr           ###.....     28%         4
 Summon Mana Viper        Hex/Summ       ####....     32%         5
 Blade Hands              Tmut           ###.......   56%         5
 Yara's Violent Unravell  Hex/Tmut       ###.......   58%         5
 Agony                    Necr           ###.....     61%         5
 Starburst                Conj/Fire      ######....   13%         6
 Eringya's Noxious Bog    Tmut/Pois      ####......   86%         6
 Hydra Form               Tmut           ###.......   98%         6
 Summon Hydra             Summ           #####.....   99%         7
 Chain Lightning          Conj/Air       ######....   100%        8
 Ignition                 Fire           ######....   100%        8
 Death's Door             Necr           ###.......   100%        9
 Shatter                  Erth           ####......   100%        9
 Tornado                  Air            #####.....   100%        9


Dungeon Overview and Level Annotations

Branches:
Dungeon (12/15)            Temple (1/1) D:7            Lair (6/6) D:10
 Shoals (0/4) Lair:2        Snake (0/4) Lair:4        Slime (0/5) Lair:6
    Orc (2/2) D:12            Elf (1/3) Orc:2       Ossuary (visited)
  IceCv (visited)         Gauntlet (visited)

Altars:
Ashenzari
Cheibriados
Dithmenos
Elyvilon
Fedhas
Gozag
Kikubaaqudgha
Nemelex Xobeh
Okawaru
Ru
Sif Muna
Trog
Uskayaw
Vehumet
Wu Jian
Xom
Yredelemnul

Shops:
D:8 [   Orc:2 *([*=

Annotations:
D:4 exclusion: statue
Lair:1 exclusion: 4 oklob plants


Innate Abilities, Weirdness & Mutations

You cannot wear most types of armour.
You are very stealthy in the water. (Stealth+)
You are amphibious.
You can wear up to eight rings at the same time.
You can use your tentacles to constrict eight enemies at once.
Your skin changes colour to match your surroundings (Stealth+).
Your rubbery body absorbs attacks. (AC +1, EV +1)
You are clumsy. (Dex -2)
You are resistant to hostile enchantments. (MR+)
You are weak. (Str -2)


Message History

You see here Sif Muna's Papyrus of Hurtful Evil Secrets.
Sif Muna grants you a gift!
You feel a bit more experienced.
You hear an angry hiss.
You hear a shout!
You have turned to stone.
The catoblepas gores you!
The catoblepas gores you but does no damage.
The catoblepas gores you!! x2
The sphinx mumbles some strange words.
Something smites you!
* * * LOW HITPOINT WARNING * * *
The catoblepas breathes a plume of calcifying dust at you.
The blast of calcifying dust hits you.
* * * LOW HITPOINT WARNING * * *
You are engulfed in calcifying dust.
The catoblepas gores you!!
* * * LOW HITPOINT WARNING * * *
You turn to flesh and can move again.
Okay, then.
The catoblepas gores you!
You die...

### ######### #.## #...#...#
#..## #..)))..###...##
#####.....#....#
###§........'.....
#@§.......).#.....
...########Y###.....⌠.#.....
........).H.# ##......#.....
..).######### ########....#
. #.....(## ##....## ##..##
##'# #.#


You could see a sphinx and a catoblepas.

Vanquished Creatures
  An orc warlord (Orc:1)
  A minotaur (Gauntlet)
  A deep elf death mage (Elf:1)
  Snorg (Lair:3)
  2 fire dragons
  2 ice dragons (IceCv)
  11 hydras
  A dancing weapon (Elf:1)
  5 death yaks (Lair:6)
  4 orc high priests (Orc:2)
  Urug (Lair:3)
  The ghost of chipmonk the Blocker, a novice MiFi of Okawaru (D:8)
  2 lindwurms
  2 harpies (Elf:1)
  2 deep elf archers (Elf:1)
  2 necromancers (Elf:1)
  5 orc knights
  4 orc sorcerers (Orc:2)
  2 cyclopes
  A deep elf mage (Elf:1)
  A worldbinder (Gauntlet)
  3 elephants (Lair:6)
  A manticore (Elf:1)
  An apocalypse crab (Gauntlet)
  2 black mambas
  2 ice statues (IceCv)
  7 torpor snails (Lair:6)
  Psyche (D:11)
  12 cane toads
  2 rime drakes (IceCv)
  3 komodo dragons
  An ice devil (Gauntlet)
  2 large abominations (Elf:1)
  8 hornets
  4 trolls
  4 tyrant leeches (Lair:6)
  8 hippogriffs
  7 blink frogs
  An air elemental (Elf:1)
  A centaur simulacrum (D:12)
  2 wyverns (D:11)
  A water elemental (Elf:1)
  A nameless horror (Lair:4)
  50 yaks
  A basilisk (Lair:3)
  A fire elemental (Elf:1)
  Menkaure (D:6)
  A warg (Orc:2)
  3 nagas (Lair:4)
  8 water moccasins
  An acid dragon (D:12)
  A hell hound (Elf:1)
  Duvessa (D:4)
  6 porcupines
  26 ice beasts
  41 orc warriors
  4 sky beasts
  3 black bears
  An eye of draining (D:11)
  A boggart (Gauntlet)
  10 ogres
  10 centaurs
  8 wolves
  13 crocodiles
  6 elf zombies (Elf:1)
  13 bullfrogs
  A big kobold (D:11)
  A gnoll sergeant (Orc:1)
  Dowan (D:4)
  4 scorpions
  A wyvern skeleton (D:12)
  15 killer bees
  8 wights
  3 electric eels
  3 bullfrog zombies
  A centaur zombie (Ossuary)
  9 hounds
  4 jellies
  3 bullfrog skeletons
  A centaur skeleton (D:12)
  A human zombie (Ossuary)
  26 orc priests
  26 orc wizards
  4 iguanas
  9 worker ants
  A killer bee zombie (D:10)
  2 big kobold zombies (Ossuary)
  A hound zombie (D:11)
  2 mummies (Ossuary)
  A hound skeleton (D:8)
  2 worker ant zombies
  9 adders
  2 shadow imps
  4 white imps
  3 ufetubi (D:8)
  2 adder zombies (D:8)
  2 adder skeletons
  A worm (D:3)
  3 dart slugs
  5 leopard geckos
  98 orcs
  9 giant cockroaches
  A gnoll zombie (Ossuary)
  8 goblins
  4 hobgoblins
  4 jackals
  5 quokkas
  5 bats
  4 frilled lizards
  A goblin zombie (Ossuary)
  13 kobolds
  2 kobold zombies (Ossuary)
  5 rats
656 creatures vanquished.

Vanquished Creatures (collateral kills)
  A hydra (Lair:5)
  A deep elf archer (Elf:1)
  A komodo dragon (Lair:5)
  2 yaks (Lair:2)
  A naga (Lair:4)
  A phantom (D:6)
  A necrophage (D:6)
  2 centaurs
  An orc wizard (D:6)
  An adder (D:3)
  2 worms
  A leopard gecko (D:5)
  2 orcs (D:3)
  A giant cockroach (D:3)
  2 hobgoblins (D:2)
  A jackal (D:2)
21 creatures vanquished.

Vanquished Creatures (others)
  28 fungi
  37 plants
  A snaplasher vine (Lair:5)
66 creatures vanquished.

Grand Total: 743 creatures vanquished

Notes
Turn   | Place    | Note
-------+----------+-------------------------------------------
     0 | D:1      | Conn the Octopode Hedge Wizard began the quest for the Orb.
     0 | D:1      | Reached XP level 1. HP: 11/11 MP: 4/4
   650 | D:1      | Reached XP level 2. HP: 17/17 MP: 6/6
   694 | D:1      | Learned a level 2 spell: Blink
   697 | D:1      | Learned a level 2 spell: Call Imp
  1343 | D:2      | Reached XP level 3. HP: 21/21 MP: 0/8
  1942 | D:2      | Reached skill level 4 in Spellcasting
  1974 | D:2      | Reached XP level 4. HP: 25/27 MP: 10/10
  2144 | D:2      | Learned a level 3 spell: Conjure Flame
  2148 | D:2      | Learned a level 3 spell: Mephitic Cloud
  3099 | D:3      | Reached XP level 5. HP: 31/31 MP: 11/11
  3579 | D:4      | Found a radiant altar of Vehumet.
  3581 | D:4      | Noticed a charred statue
  3915 | D:4      | Noticed Dowan
  3918 | D:4      | Noticed Duvessa
  3936 | D:4      | Gained mutation: Your muscles are strong. (Str +2) [potion
                  | of mutation]
  3936 | D:4      | Gained mutation: Your magical capacity is low. (-10% MP)
                  | [potion of mutation]
  3936 | D:4      | Gained mutation: You are agile. (Dex +2) [potion of
                  | mutation]
  4051 | D:5      | Entered Level 5 of the Dungeon
  4162 | D:5      | Reached XP level 6. HP: 37/37 MP: 5/11
  4205 | D:5      | Noticed an ice beast
  4229 | D:5      | Killed an ice beast
  4229 | D:5      | Reached skill level 1 in Short Blades
  4249 | D:5      | Reached skill level 5 in Spellcasting
  4740 | D:5      | Reached XP level 7. HP: 42/42 MP: 6/13
  5254 | D:6      | Noticed Menkaure
  5259 | D:6      | Killed Menkaure
  5259 | D:6      | Reached skill level 6 in Spellcasting
  5337 | D:6      | Reached skill level 5 in Stealth
  5337 | D:6      | Reached XP level 8. HP: 43/47 MP: 15/15
  5540 | D:6      | Found a sand-covered staircase.
  5551 | Ossuary  | Entered an ossuary
  5638 | Ossuary  | Reached skill level 1 in Fighting
  6887 | D:7      | Reached skill level 7 in Spellcasting
  6905 | D:7      | Found a bloodstained altar of Trog.
  7109 | D:7      | Found a staircase to the Ecumenical Temple.
  7116 | Temple   | Entered the Ecumenical Temple
  7143 | Temple   | Became a worshipper of Sif Muna the Loreminder
  7272 | D:7      | Reached XP level 9. HP: 45/53 MP: 10/18
  8030 | D:4      | Found an ornate altar of the Wu Jian Council.
  8268 | D:4      | Killed Duvessa
  8268 | D:4      | Reached skill level 5 in Conjurations
  8486 | D:4      | Killed Dowan
  8891 | D:8      | Found Efou's Armour Emporium.
  9296 | D:8      | Noticed chipmonk's ghost (novice MiFi)
  9306 | D:8      | Found a runed translucent gate.
  9306 | D:8      | Found a runed translucent gate.
  9308 | D:8      | Found a runed translucent gate.
  9414 | D:8      | Noticed a hornet
  9434 | D:8      | Killed a hornet
  9434 | D:8      | Reached skill level 8 in Spellcasting
  9434 | D:8      | Reached skill level 1 in Poison Magic
  9803 | D:8      | Killed chipmonk's ghost
  9803 | D:8      | Reached skill level 1 in Throwing
  9803 | D:8      | Reached skill level 1 in Shields
  9803 | D:8      | Reached skill level 1 in Air Magic
  9803 | D:8      | Reached XP level 10. HP: 59/59 MP: 12/20
  9930 | D:9      | Reached * piety under Sif Muna
  9949 | D:9      | HP: 2/59 [ice beast (12)]
 10373 | D:10     | Entered Level 10 of the Dungeon
 10427 | D:10     | Reached skill level 9 in Spellcasting
 11067 | D:10     | Found a staircase to the Lair.
 11214 | D:10     | Reached ** piety under Sif Muna
 12166 | D:11     | Reached XP level 11. HP: 59/66 MP: 6/22
 12296 | D:11     | Noticed a seven-headed hydra
 12447 | D:11     | Reached *** piety under Sif Muna
 12459 | D:11     | Noticed Psyche
 12469 | D:11     | Killed Psyche
 12942 | D:12     | Reached skill level 10 in Spellcasting
 13051 | D:12     | Noticed a cyclops
 13076 | D:12     | Killed a cyclops
 13531 | D:12     | Reached skill level 5 in Short Blades
 13564 | D:12     | Found a staircase to the Orcish Mines.
 13831 | Orc:1    | Entered Level 1 of the Orcish Mines
 13855 | Orc:1    | Reached **** piety under Sif Muna
 14165 | Orc:1    | Noticed an orc knight
 14217 | Orc:1    | Killed an orc knight
 14234 | Orc:1    | Noticed a +6 double sword
 14249 | Orc:1    | Noticed an orc knight
 14264 | Orc:1    | Killed an orc knight
 14724 | Orc:2    | Entered Level 2 of the Orcish Mines
 14724 | Orc:2    | Noticed a cyclops
 14854 | Orc:2    | Found Ceisom's Assorted Antiques.
 14972 | Orc:2    | Bought a yellow potion for 34 gold pieces
 14994 | Orc:2    | Reached ***** piety under Sif Muna
 15045 | Orc:2    | Noticed an orc high priest
 15056 | Orc:2    | Reached skill level 10 in Stealth
 15074 | Orc:2    | Killed an orc high priest
 15074 | Orc:2    | Reached XP level 12. HP: 33/72 MP: 2/23
 15239 | Orc:2    | Noticed an orc high priest
 15254 | Orc:2    | Killed an orc high priest
 15526 | Orc:2    | Noticed an orc warlord
 15546 | Orc:1    | Identified Sif Muna's Disquisition on the Ghastly Frostbite
                  | (Sif Muna gifted it to you on level 1 of the Orcish Mines)
 15546 | Orc:1    | Received a gift from Sif Muna
 16059 | Orc:1    | Killed an orc warlord
 16059 | Orc:1    | Reached skill level 11 in Spellcasting
 16182 | Orc:1    | Reached skill level 1 in Evocations
 16403 | Orc:2    | Noticed an orc high priest
 16421 | Orc:2    | Killed an orc high priest
 17054 | Orc:2    | Noticed an orc high priest
 17062 | Orc:2    | Killed an orc high priest
 17112 | Orc:2    | Reached skill level 5 in Shields
 17132 | Orc:2    | Received a gift from Sif Muna
 17287 | Orc:1    | Learned a level 3 spell: Stone Arrow
 17293 | Orc:1    | Learned a level 5 spell: Summon Forest
 17300 | Orc:1    | Learned a level 6 spell: Freezing Cloud
 17321 | Orc:2    | Found a staircase to the Elven Halls.
 17336 | Orc:2    | Paralysed by an orc sorcerer for 4 turns
 17392 | Orc:2    | Lost mutation: Your magical capacity is low. (-10% MP)
                  | [potion of mutation]
 17392 | Orc:2    | Lost mutation: Your muscles are strong. (Str +2) [potion of
                  | mutation]
 17392 | Orc:2    | Lost mutation: You are agile. (Dex +2) [potion of mutation]
 17392 | Orc:2    | Gained mutation: You have supernaturally acute eyesight.
                  | (SInv) [potion of mutation]
 17392 | Orc:2    | Gained mutation: Your body sometimes deteriorates upon
                  | taking damage. [potion of mutation]
 17392 | Orc:2    | Lost mutation: You have supernaturally acute eyesight.
                  | (SInv) [potion of mutation]
 17392 | Orc:2    | Gained mutation: You passively map a small area around you.
                  | [potion of mutation]
 17393 | Orc:2    | Lost mutation: Your body sometimes deteriorates upon taking
                  | damage. [potion of mutation]
 17393 | Orc:2    | Lost mutation: You passively map a small area around you.
                  | [potion of mutation]
 17393 | Orc:2    | Gained mutation: You are clumsy. (Dex -2) [potion of
                  | mutation]
 17393 | Orc:2    | Gained mutation: You are weak. (Str -2) [potion of
                  | mutation]
 17393 | Orc:2    | Gained mutation: You are resistant to hostile enchantments.
                  | (MR+) [potion of mutation]
 17487 | Orc:2    | Reached skill level 1 in Ice Magic
 17487 | Orc:2    | Reached XP level 13. HP: 78/78 MP: 28/28
 17501 | Orc:2    | Found Bedi's General Store.
 17502 | Orc:2    | Found Inathru's Jewellery Boutique.
 17504 | Orc:2    | Found Faddiamoh's Antique Armour Shop.
 17504 | Orc:2    | Found Waegeb's Antique Weapon Shop.
 17735 | Orc:2    | Bought the amulet "Caucvang" {RegenMP Str+4 Int+4} for 860
                  | gold pieces
 17735 | Orc:2    | Bought an uncursed ring of magical power for 320 gold
                  | pieces
 18435 | Lair:1   | Entered Level 1 of the Lair of Beasts
 18445 | Lair:1   | Learned a level 3 spell: Ignite Poison
 18451 | Lair:1   | Learned a level 5 spell: Fireball
 19640 | D:9      | Reached skill level 1 in Fire Magic
 19713 | D:9      | Found a blossoming altar of Fedhas.
 19716 | D:9      | Found a white marble altar of Elyvilon.
 19716 | D:9      | Found an ornate altar of the Wu Jian Council.
 19743 | D:9      | Reached skill level 1 in Earth Magic
 19933 | D:9      | Found an opulent altar of Gozag.
 19933 | D:9      | Found an iron altar of Okawaru.
 20265 | Lair:2   | Found a staircase to the Shoals.
 20367 | Lair:2   | Found a frozen archway.
 20387 | IceCv    | Entered an ice cave
 20388 | IceCv    | Reached skill level 5 in Dodging
 20832 | IceCv    | Noticed an ice dragon
 20833 | IceCv    | Noticed an ice dragon
 20858 | IceCv    | Killed an ice dragon
 20858 | IceCv    | Reached skill level 10 in Conjurations
 21089 | IceCv    | Killed an ice dragon
 21089 | IceCv    | Reached skill level 12 in Spellcasting
 21091 | IceCv    | Got a scintillating steel ring
 21093 | IceCv    | Got a wavering lapis lazuli ring
 21193 | IceCv    | Identified the ring of the Equinox {rPois rF+ Str+3 Stlth+}
                  | (You found it in an ice cave)
 21195 | IceCv    | Identified the ring "Halar" {rC+ rN+} (You found it in an
                  | ice cave)
 21880 | Lair:3   | Noticed Urug
 21886 | Lair:3   | Killed Urug
 22274 | Lair:3   | Identified Sif Muna's Catalogue of Flight (Sif Muna gifted
                  | it to you on level 3 of the Lair of Beasts)
 22274 | Lair:3   | Received a gift from Sif Muna
 22449 | Lair:3   | Noticed Snorg
 22459 | Lair:3   | Killed Snorg
 23068 | Lair:4   | Found a staircase to the Snake Pit.
 23079 | Lair:4   | Reached XP level 14. HP: 61/86 MP: 19/30
 24626 | Lair:5   | Reached skill level 5 in Fighting
 25351 | Lair:6   | Entered Level 6 of the Lair of Beasts
 25376 | Lair:6   | Reached skill level 5 in Translocations
 25419 | Lair:6   | Reached skill level 13 in Spellcasting
 25489 | Lair:6   | Identified Sif Muna's Incunabulum of Heat and Malediction
                  | (Sif Muna gifted it to you on level 6 of the Lair of
                  | Beasts)
 25489 | Lair:6   | Received a gift from Sif Muna
 25523 | Lair:6   | Reached skill level 5 in Ice Magic
 25546 | Lair:6   | HP: 2/88 [torpor snail (25)]
 25581 | Lair:6   | Found a gate leading to a gauntlet.
 25591 | Gauntlet | Entered a Gauntlet
 25591 | Gauntlet | Found a transporter.
 25591 | Gauntlet | Found a runed translucent door.
 25625 | Gauntlet | Identified the ring "Vicocs" {+Fly MR+ Stlth-}
 25838 | Gauntlet | Found a runed translucent door.
 25843 | Gauntlet | Found a transporter.
 25845 | Gauntlet | Found a transporter.
 25854 | Gauntlet | Found a runed translucent gate.
 25856 | Gauntlet | Found a runed translucent gate.
 25856 | Gauntlet | Found a transporter.
 25857 | Gauntlet | Found a runed translucent gate.
 25860 | Gauntlet | Found a transporter.
 25867 | Gauntlet | Found a transporter.
 25886 | Gauntlet | Found a transporter.
 25888 | Gauntlet | Identified the ring of Vixiw {rPois rCorr Int+6}
 25896 | Gauntlet | Found a transporter.
 25906 | Gauntlet | Found a transporter.
 25920 | Gauntlet | Found a transporter.
 25935 | Gauntlet | Found a transporter.
 25988 | Gauntlet | Found a transporter.
 26002 | Gauntlet | Found a transporter.
 26004 | Gauntlet | Found a transporter.
 26293 | Gauntlet | Learned a level 4 spell: Airstrike
 26466 | Gauntlet | Got a steaming emerald amulet
 26477 | Gauntlet | Identified the amulet "Jiunee" {RegenMP rPois Str+2 Int+6}
                  | (You found it in a Gauntlet)
 26596 | Gauntlet | Got a transparent whip
 26597 | Gauntlet | Identified the +3 whip "Dozyo" {vorpal, MR- Dex+7} (You
                  | found it in a Gauntlet)
 26684 | Lair:6   | Found a runed translucent door.
 26992 | Lair:6   | Reached skill level 5 in Fire Magic
 27706 | Lair:6   | Found a staircase to the Slime Pits.
 27800 | Lair:6   | Found an ornate altar of the Wu Jian Council.
 27809 | Lair:6   | Reached XP level 15. HP: 92/92 MP: 32/32
 28440 | Elf:1    | Entered Level 1 of the Elven Halls
 28512 | Elf:1    | Noticed a sphinx
 28514 | Elf:1    | Noticed a sphinx
 28676 | Elf:1    | Reached skill level 14 in Spellcasting
 28889 | Elf:1    | Reached skill level 5 in Air Magic
 28899 | Elf:1    | Reached skill level 1 in Staves
 28926 | Elf:1    | Identified the Papyrus of Sinister Magic
 29036 | Elf:1    | Identified Sif Muna's Papyrus of Hurtful Evil Secrets (Sif
                  | Muna gifted it to you on level 1 of the Elven Halls)
 29036 | Elf:1    | Received a gift from Sif Muna
 29045 | Elf:1    | Slain by a catoblepas

Illustrated notes

Levels and vault maps discovered:
D:1:      scummos_arrival_star, layout_basic
D:2:      layout_rooms
D:3:      layout_loops_ring, minmay_increasing_density
D:4:      layout_layer_cave, vehumet_statue, lemuel_altar_in_water, uniq_duvessa
D:5:      layout_cave_pools
D:6:      layout_loops_ring, enter_ossuary_1, uniq_menkaure
D:7:      layout_rooms, trog_ov_bears_minmay, minmay_temple_entry_junction,
          minmay_chambers_of_fives
D:8:      layout_rooms, serial_shops, shop, gammafunk_ghost_split,
          chequers_mini_garden
D:9:      layout_rooms, grunt_temple_overflow_open,
          fedhas_bush_and_centaur_altar
D:10:     layout_rooms, erik_lair_island
D:11:     minmay_the_grid_triangle_9x9_rhombus_full
          [minmay_the_grid_triangle_9x9_wacky_v,
          minmay_the_grid_triangle_9x9_tough_junction,
          minmay_the_grid_triangle_9x9_sprig,
          minmay_the_grid_triangle_9x9_zippers_horizontal,
          minmay_the_grid_triangle_9x9_odd_lines,
          minmay_the_grid_triangle_9x9_intruding_spiral,
          minmay_the_grid_triangle_9x9_pentomino_pain,
          minmay_the_grid_triangle_9x9_prize_schism], layout_loops_cross,
          uniq_psyche
D:12:     layout_gridville, hiddenorc1_lemuel
Temple:   eino_temple_rhombus
Lair:1:   layout_gridlike, minmay_lair_oklob_chamber, grunt_megastairs_1
Lair:2:   layout_misc_corridors, elwin_shoals_entry_rocks,
          portal_ice_cave_entry_ice_beasts
Lair:3:   layout_cellular_growth, uniq_urug, uniq_snorg
Lair:4:   layout_layer_cave, minmay_snake_entry_guardpost_small,
          infiniplex_staircase_pool_2, serial_bayou_shore_a, grunt_megastairs_4,
          serial_bayou_shore_b
Lair:5:   layout_gridlike
Lair:6:   wormcave, layout_long_grid, dpeg_slime_entry_corner, basic_altar,
          gauntlet_entry_generic, infiniplex_staircase_pool
Orc:1:    layout_caves, sword_in_stone
Orc:2:    st_orc_congregation, layout_diamond_mine, serial_shops,
          nicolae_shop_overgrown_old_shop
Elf:1:    layout_gridlike, serial_shops, shop, special_room
          [special_room_mythical_zoo], minmay_elf_necromancy

Skill      XL: |  1  2  3  4  5  6  7  8  9 10 11 12 13 14 15 |
---------------+----------------------------------------------+-----
Stealth        | 3 4 5 7 8 10 11 | 11.3
Spellcasting   | 4 5 6 7 8 9 10 11 12 13 14 | 14.2
Conjurations   | 2 3 4 6 7 8 9 10 11 | 11.0
Summonings     | 2 3 4 |  4.2
Short Blades   | 1 3 4 5 6 |  6.2
Fighting       | 1 2 3 4 5 |  5.6
Dodging        | 3 4 5 |  5.9
Poison Magic   | 1 2 3 4 |  4.1
Throwing       | 1 |  1.3
Shields        | 1 3 5 |  5.1
Air Magic      | 1 2 3 4 5 |  5.2
Translocations | 2 4 6 |  6.4
Evocations     | 1 |  1.6
Ice Magic      | 1 4 5 |  5.1
Fire Magic     | 3 5 6 |  6.0
Earth Magic    | 1 |  1.8
Staves         | 1 |  1.2
Transmutations | |  0.2

Action                   |  1- 3 |  4- 6 |  7- 9 | 10-12 | 13-15 || total
-------------------------+-------+-------+-------+-------+-------++-------
Melee: Dagger            |    64 |   103 |   231 |    74 |       ||   472
       Constrict         |    16 |    22 |    41 |   110 |    44 ||   233
       Tentacles         |    11 |    25 |    54 |   135 |    97 ||   322
       Short sword       |       |       |       |   431 |   384 ||   815
       Staff             |       |       |       |     2 |    64 ||    66
Throw: Dart              |       |     1 |     6 |       |       ||     7
       Javelin           |       |       |       |     9 |       ||     9
 Cast: Magic Dart        |    23 |    62 |   127 |   363 |    73 ||   648
       Call Imp          |     8 |     9 |    19 |    18 |       ||    54
       Blink             |     1 |       |    11 |    33 |    24 ||    69
       Mephitic Cloud    |       |       |    19 |   120 |    63 ||   202
       Conjure Flame     |       |       |     3 |    12 |       ||    15
       Stone Arrow       |       |       |       |     4 |    24 ||    28
       Fireball          |       |       |       |       |   107 ||   107
       Ignite Poison     |       |       |       |       |    13 ||    13
       Summon Forest     |       |       |       |       |     8 ||     8
       Airstrike         |       |       |       |       |    25 ||    25
Evoke: Wand              |       |       |     2 |    29 |       ||    31
       Phantom mirror    |       |       |       |       |     1 ||     1
  Use: Scroll            |     2 |       |       |    14 |     8 ||    24
       Potion            |       |     9 |     3 |    13 |     3 ||    28
 Stab: Sleeping          |     4 |    13 |    10 |    18 |    28 ||    73
       Distracted        |       |     1 |     2 |     1 |     2 ||     6
       Confused          |       |       |     6 |    67 |    22 ||    95
       Paralysed         |       |       |       |     1 |       ||     1
Armor: Skin              |    11 |     8 |    50 |    39 |    48 ||   156
Dodge: Dodged            |    46 |    76 |   102 |   208 |   197 ||   629
Block: Buckler           |       |       |    22 |   142 |   120 ||   284

Table legend: (Time is in decaauts)
 A = Elapsed time spent in this place.
 B = Non-inter-level travel time spent in this place.
 C = Inter-level travel time spent in this place.
 D = Time resting spent in this place.
 E = Time spent auto-exploring this place.
 F = Levels seen in this place.
 G = Mean time per level.
                   A        B        C        D        E       F      G
               +--------+--------+--------+--------+--------+-----+--------+
         Total |  28851 |  28141 |    710 |   7809 |   8926 |  25 | 1154.0 |
       Dungeon |  14076 |  13732 |    344 |   4249 |   4486 |  12 | 1173.0 |
        Temple |     43 |     27 |     16 |      0 |      0 |   1 |   43.0 |
          Lair |   7051 |   6823 |    228 |   1341 |   3313 |   6 | 1175.2 |
  Orcish Mines |   4362 |   4241 |    121 |    846 |    724 |   2 | 2181.0 |
   Elven Halls |    603 |    603 |      0 |    165 |    111 |   1 |  603.0 |
       Ossuary |    711 |    711 |      0 |    437 |      0 |   1 |  711.0 |
      Ice Cave |   1001 |   1001 |      0 |    491 |    135 |   1 | 1001.0 |
      Gauntlet |   1002 |   1002 |      0 |    280 |    157 |   1 | 1002.0 |
               +--------+--------+--------+--------+--------+-----+--------+

Top non-repeatable levels by time:
   Orc:1: 2316 daAuts
   Orc:2: 2045 daAuts
  Lair:6: 1767 daAuts
    D:10: 1712 daAuts
     D:3: 1522 daAuts
  Lair:4: 1308 daAuts
     D:4: 1272 daAuts
     D:6: 1247 daAuts
  Lair:1: 1137 daAuts
  Lair:5: 1116 daAuts
  Lair:3: 1114 daAuts
     D:1: 1111 daAuts
     D:8: 1110 daAuts
    D:12: 1104 daAuts
    D:11: 1096 daAuts
